Map: Eternal Empire LE

Players

Future

  • Race: Terran Terran
  • Spawn Location: 7:00

PiLiPiLi - Winner!

  • Race: Protoss Protoss
  • League: Grandmaster
  • Spawn Location: 1:00

Event: DreamHack SC2 Masters 2020 Fall

VOD

Have the link to the VOD?

Description

Time

  • Played on: Sept. 6, 2020, 4:32 p.m.
  • Length: 11:35

All games in this series

Show
View Real Time Build Order
Export as new Build Order

Future Terran 

Build Orders: Reaper Expand 

Get SALT Encoding   

  12  0:00  SCV  
  13  0:12  SCV  
  14  0:17  Supply Depot  
  14  0:24  SCV  
  15  0:39  SCV  
  15  0:40  Barracks  
  16  0:44  Refinery  
  16  0:51  SCV  
  17  1:03  SCV  
  18  1:16  SCV  
  19  1:27  Reaper  
  19  1:28  Orbital Command  
  20  1:50  Command Center  
  20  1:54  SCV  
  20  1:59  Marine  
  22  2:04  Supply Depot  
  22  2:06  SCV  
  23  2:14  Factory  
  23  2:22  Barracks Reactor  
  23  2:24  Refinery  
  23  2:25  SCV  
  24  2:37  SCV  
  25  2:49  SCV  
  25  2:59  Starport, Marine x2  
  25  3:02  SCV  
  25  3:05  Factory Tech Lab  
  28  3:06  Orbital Command  
  28  3:14  SCV  
  28  3:17  Marine x2  
  31  3:20  Barracks  
  31  3:26  SCV  
  32  3:27  Cyclone  
  32  3:33  SCV  
  36  3:35  Marine  
  36  3:37  Marine  
  36  3:38  SCV  
  39  3:44  Bunker  
  39  3:45  Starport Tech Lab  
  39  3:47  SCV  
  40  3:50  SCV  
  40  3:55  Supply Depot  
  41  4:01  SCV  
  41  4:02  SCV  
  43  4:03  Raven  
  43  4:07  Barracks  
  45  4:13  Marine  
  45  4:16  SCV x2, Marine  
  49  4:18  Stimpack  
  49  4:28  SCV x2  
  49  4:29  Supply Depot  
  49  4:30  Marine  
  52  4:34  Marine  
  52  4:35  Marine  
  54  4:41  Engineering Bay  
  54  4:42  Supply Depot  
  54  4:45  Factory Tech Lab  
  54  4:51  SCV x2  
  56  4:53  Marine x2  
  56  4:54  Marine  
  56  4:56  Supply Depot  
  56  4:59  Refinery  
  59  5:03  SCV x2  
  59  5:04  Siege Tank  
  64  5:09  Starport Reactor  
  64  5:13  Terran Infantry Weapons Level 1  
  64  5:15  SCV x2, Supply Depot  
  64  5:20  Missile Turret  
  64  5:21  Missile Turret  
  66  5:22  Marine x3  
  66  5:27  SCV x2  
  70  5:29  Refinery  
  70  5:36  Siege Tank  
  70  5:38  Supply Depot  
  70  5:39  SCV x2  
  75  5:48  Marine x4  
  75  5:49  Combat Shield  
  79  5:53  Supply Depot  
  79  6:06  Marine x4  
  79  6:07  Supply Depot  
  79  6:08  Siege Tank  
  86  6:13  Medivac  
  86  6:17  Supply Depot  
  86  6:18  Medivac  
  90  6:24  Marine x2  
  90  6:25  Marauder x2  
  96  6:29  Missile Turret  
  96  6:37  Supply Depot x2  
  96  6:43  Marine x2  
  96  6:44  Siege Tank  
  96  6:46  Marauder x2  
  104  6:59  Medivac x2  
  104  7:00  Command Center  
  104  7:01  Marine x2  
  107  7:08  Marauder x2  
  113  7:11  Terran Infantry Armor Level 1  
  113  7:17  SCV x2  
  115  7:22  Barracks  
  115  7:23  Barracks  
  115  7:29  Marauder x2, Marine x2  
  119  7:34  SCV x2  
  119  7:47  SCV x2  
  119  7:51  Marauder x2  
  99  8:11  Marine x2  
  99  8:12  Barracks Tech Lab x2, Marauder  
  94  8:13  Marauder  
  91  8:21  SCV  
  91  8:26  Orbital Command, SCV  
  84  8:29  Siege Tank, Marine x2  
  84  8:33  Marine  
  87  8:34  Marauder  
  87  8:35  SCV  
  87  8:38  SCV, Concussive Shells  
  83  8:44  Marauder x2  
  83  8:47  Marine x2  
  86  8:50  Medivac  
  86  8:51  Marauder  
  91  8:55  Marauder  
  91  8:56  Medivac, Ghost Academy  
  91  9:02  Siege Tank  
  96  9:05  Marauder, Marine x2  
  100  9:11  Supply Depot  
  100  9:12  Marauder  
  100  9:13  Marauder  
  106  9:17  Marauder  
  106  9:20  Medivac  
  106  9:23  Marine x2  
  110  9:26  Medivac  
  110  9:28  Ghost  
  114  9:32  Ghost  
  114  9:33  Ghost  
  114  9:36  SCV x3  
  114  9:37  Refinery x2  
  120  9:39  Missile Turret  
  120  9:40  Marine  
  120  9:41  Marine x2  
  123  9:48  SCV x2  
  123  9:49  SCV  
  126  9:53  Medivac  
  126  9:56  Medivac  
  126  9:57  Marine  
  126  9:58  Marine  
  132  10:00  Barracks x2  
  132  10:01  Barracks  
  132  10:04  Bunker  
  132  10:09  Supply Depot  
  131  10:20  Marauder x4, Marine x2  
  140  10:22  SCV x2  
  140  10:24  Command Center  
  140  10:26  SCV  
  142  10:34  SCV x2  
  144  10:38  Marine  
  144  10:40  Siege Tank  
  144  10:41  Medivac, Marauder x3  
  156  10:48  Supply Depot  
  156  10:49  Supply Depot  
  147  11:08  Marauder x2  
  147  11:09  Marauder, Marine x2  
Show
View Real Time Build Order
Export as new Build Order

PiLiPiLi Protoss - Winner!

Build Orders: 1 Gate Expand, Phoenix Opening, Colossus Rush 

Get SALT Encoding   

  12  0:00  Probe  
  13  0:12  Probe  
  14  0:19  Pylon  
  14  0:25  Probe  
  15  0:37  Probe (Chrono Boost)  
  15  0:38  Gateway  
  16  0:46  Probe (Chrono Boost)  
  16  0:47  Assimilator  
  17  0:51  Probe  
  18  1:03  Probe  
  19  1:16  Probe  
  20  1:23  Nexus  
  20  1:32  Cybernetics Core  
  20  1:36  Probe  
  21  1:42  Assimilator  
  21  1:50  Probe  
  21  1:51  Pylon  
  22  2:02  Probe  
  22  2:07  Adept (Chrono Boost)  
  23  2:10  Warp Gate  
  23  2:14  Probe  
  26  2:26  Probe  
  26  2:28  Stargate  
  27  2:35  Probe  
  28  2:38  Probe  
  28  2:42  Adept  
  31  2:47  Probe  
  32  2:52  Probe  
  33  2:59  Probe  
  33  3:04  Probe  
  35  3:10  Phoenix (Chrono Boost)  
  35  3:11  Probe  
  38  3:16  Probe (Chrono Boost)  
  39  3:27  Phoenix (Chrono Boost)  
  40  3:28  Probe x2 (Chrono Boost)  
  40  3:29  Pylon  
  43  3:36  Probe (Chrono Boost)  
  43  3:38  Probe (Chrono Boost)  
  43  3:40  Assimilator  
  45  3:43  Probe  
  45  3:44  Assimilator  
  45  3:45  Robotics Facility  
  45  3:46  Phoenix (Chrono Boost)  
  48  3:53  Probe  
  49  3:57  Probe  
  49  4:00  Gateway  
  49  4:02  Gateway  
  50  4:05  Probe  
  50  4:08  Pylon  
  51  4:10  Phoenix  
  51  4:12  Probe  
  54  4:26  Probe x2, Pylon  
  56  4:33  Robotics Bay  
  56  4:34  Observer (Chrono Boost)  
  57  4:38  Sentry  
  57  4:43  Pylon  
  59  4:48  Probe  
  59  4:51  Probe  
  61  4:53  Observer  
  61  4:57  Zealot  
  64  5:02  Probe  
  64  5:06  Nexus  
  65  5:07  Pylon  
  65  5:11  Probe  
  66  5:15  Probe  
  66  5:17  Colossus (Chrono Boost)  
  73  5:22  Extended Thermal Lance  
  73  5:25  Probe  
  73  5:26  Forge  
  74  5:30  Sentry  
  74  5:35  Shield Battery  
  76  5:37  Probe  
  76  5:38  Twilight Council, Probe, Pylon  
  78  5:49  Zealot, Pylon  
  81  5:52  Pylon  
  80  5:57  Protoss Ground Armor Level 1, Colossus (Chrono Boost)  
  80  5:58  Probe  
  80  6:00  Probe  
  88  6:10  Probe  
  89  6:15  Gateway  
  89  6:16  Gateway, Charge (Chrono Boost)  
  89  6:20  Gateway  
  89  6:22  Probe  
  89  6:23  Probe  
  89  6:24  Probe  
  92  6:34  Probe  
  92  6:35  Colossus (Chrono Boost)  
  92  6:38  Probe  
  99  6:42  Stalker  
  99  6:45  Phoenix (Chrono Boost)  
  102  6:47  Probe x2  
  104  7:01  Phoenix  
  104  7:02  Zealot  
  104  7:03  Zealot, Probe  
  104  7:06  Gateway  
  111  7:09  Gateway  
  111  7:21  Disruptor  
  111  7:22  Zealot x4  
  122  7:26  Phoenix  
  120  7:31  Zealot x2  
  124  7:45  Pylon  
  124  7:46  Pylon  
  124  7:57  Phoenix  
  124  7:58  Stalker x2  
  124  8:00  Warp Prism, Stalker x2  
  124  8:02  Zealot x2  
  105  8:09  Zealot x2  
  87  8:25  Zealot x4  
  87  8:26  Zealot x2  
  93  8:33  Colossus (Chrono Boost)  
  81  8:36  Zealot  
  81  8:37  Zealot  
  91  8:43  Protoss Ground Weapons Level 1 (Chrono Boost)  
  91  8:48  Zealot x6  
  103  8:50  Blink  
  103  8:57  Phoenix  
  105  9:05  Photon Cannon  
  105  9:07  Assimilator  
  105  9:09  Zealot x3, Sentry x2  
  115  9:10  Zealot, Photon Cannon  
  115  9:11  Assimilator  
  115  9:16  Colossus (Chrono Boost)  
  123  9:30  Phoenix (Chrono Boost)  
  123  9:35  Zealot x2  
  123  9:36  Zealot x3  
  135  9:47  Phoenix (Chrono Boost)  
  137  10:05  Nexus  
  137  10:08  Pylon  
  137  10:13  Colossus (Chrono Boost)  
  139  10:23  Phoenix (Chrono Boost)  
  137  10:29  Shield Battery  
  137  10:30  Photon Cannon, Stalker x4  
  137  10:31  Stalker x2  
  137  10:33  Dark Shrine  
  149  10:41  Pylon  
  149  10:43  Robotics Facility  
  149  10:55  Stalker  
  149  11:01  Zealot x3  
  149  11:02  Zealot x2  
  153  11:05  Zealot  
  153  11:06  Zealot  
  141  11:23  Forge  

Tags
 
Add a new tag
Caveats
  • Supply blocks, unpowered buildings, or Contaminate may cause inaccurate times.
  • Supply counts are checked every 10 seconds.